 Dungeon Crawl Stone Soup version 0.21.1-1-g345015f (webtiles) character file.

49 tidbits the Insei (level 3, 4/28 HPs)
             Began as a Gnoll Transmuter on Mar 20, 2018.
             Quit the game on level 3 of the Dungeon.
             The game lasted 00:04:12 (456 turns).

tidbits the Insei (Gnoll Transmuter)                 Turns: 456, Time: 00:04:13

Health: 4/28       AC:  2    Str: 11 (12) XL:     3   Next: 77%
Magic:  1/9        EV: 14    Int: 13 (16) God:
Gold:   51         SH:  0    Dex: 13 (15) Spells: 4/12 levels left

rFire    . . .     SeeInvis .     - Unarmed
rCold    . . .     Gourm    .   (no shield)
rNeg     . . .     Faith    .   b - +0 robe
rPois    .         Spirit   .   (no helmet)
rElec    .         Reflect  .   (no cloak)
rCorr    .         Harm     .   (no gloves)
MR       .....                  (no boots)
Stlth    ++........             (no amulet)
HPRegen  0.09/turn              (no ring)
MPRegen  0.11/turn              (no ring)

@: flying
A: distributed training, fangs 1, strong nose
a: no special abilities


You were on level 3 of the Dungeon.
You were not hungry.

You visited 1 branch of the dungeon, and saw 3 of its levels.

You collected 51 gold pieces.

Inventory:

Hand Weapons
 e - a +0 short sword
 l - a cursed -1 dagger
Missiles
 a - 7 arrows
 j - 48 stones (quivered)
Armour
 b - a +0 robe (worn)
Scrolls
 g - 2 scrolls of remove curse {unknown}
 k - 3 scrolls of noise {unknown}
 m - a scroll of magic mapping {unknown}
Books
 c - a book of Changes

   Spells                             Type                      Level
   a - Beastly Appendage              Transmutation                1
   b - Sticks to Snakes               Transmutation                2
   c - Spider Form                    Transmutation/Poison         3
   d - Ice Form                       Ice/Transmutation            4
   e - Blade Hands                    Transmutation                5
 i - a book of Cantrips
   (You found it on level 3 of the Dungeon)

   Spells                             Type                      Level
   a - Confusing Touch                Hexes                        1
   b - Animate Skeleton               Necromancy                   1
   c - Summon Small Mammal            Summoning                    1
   d - Apportation                    Translocation                1
Comestibles
 d - 3 rations


   Skills:
 + Level 2.6 Fighting
 + Level 0.9 Short Blades
 + Level 0.9 Long Blades
 + Level 0.9 Axes
 + Level 0.9 Maces & Flails
 + Level 0.9 Polearms
 + Level 0.9 Staves
 + Level 0.9 Slings
 + Level 0.9 Bows
 + Level 0.9 Crossbows
 + Level 0.9 Throwing
 + Level 0.9 Armour
 + Level 4.5 Dodging
 + Level 0.9 Stealth
 + Level 0.9 Shields
 + Level 6.5 Unarmed Combat
 + Level 5.0 Spellcasting
 + Level 0.6 Conjurations
 + Level 0.6 Hexes
 + Level 0.6 Charms
 + Level 0.6 Summonings
 + Level 0.6 Necromancy
 + Level 0.6 Translocations
 + Level 3.8 Transmutations
 + Level 0.6 Fire Magic
 + Level 0.6 Ice Magic
 + Level 0.6 Air Magic
 + Level 0.6 Earth Magic
 + Level 0.6 Poison Magic
 + Level 1.0 Invocations
 + Level 0.9 Evocations


You had 4 spell levels left.
You knew the following spells:

 Your Spells              Type           Power        Failure   Level  Hunger
e - Beastly Appendage     Tmut           ##....       4%          1    None
k - Sticks to Snakes      Tmut           ##......     6%          2    ##.....
n - Animate Skeleton      Necr           N/A          14%         1    None
p - Spider Form           Tmut/Pois      #.........   22%         3    ###....
A - Apportation           Tloc           #.....       14%         1    None


Dungeon Overview and Level Annotations

Branches:
Dungeon (3/15)

Altars:

Annotations:
D:3 bmj180's ghost, amateur HaFi


Innate Abilities, Weirdness & Mutations

Your experience applies equally to all skills.
You have very sharp teeth.
Your uncanny sense of smell can sniff out nearby items.


Message History

d - 3 rations (gained 1)
Your transformation is almost over.
Your transformation has ended.
Your +0 robe unmelds from your body.
Found 20 stones.
You see here 20 stones.
j - 48 stones (gained 20)
Found a stone staircase leading down.
There is a stone staircase leading down here.
You climb downwards.
There is a stone staircase leading up here.
Unknown command.
Found 17 gold pieces.
Unknown command.
A worm comes into view.
Casting: Spider Form
Confirm with . or Enter, or press ? or * to list all spells.
You turn into a venomous arachnid creature.
Your +0 robe melds into your body.
Unknown command.
A rat comes into view.
A bat comes into view.
The rat bites you.
Unknown command.
You hit the rat.
You kill the rat!
You hit the worm.
The worm is poisoned.
The worm is lightly wounded.
Bmj180's ghost (amateur Halfling Fighter) comes into view.
You hit the worm.
The worm is moderately wounded.
The worm closely misses you.
You bite the worm!
The worm is severely wounded.
Your transformation is almost over.
The worm closely misses you.
You hit the worm but do no damage.
The worm looks as sick as possible!
The worm is severely wounded.
You kill the worm!
The bat misses you.
Casting: Spider Form
Confirm with . or Enter, or press ? or * to list all spells.
You create a snake!
You now have 8 arrows.
The bat completely misses you.
It was a potion of degeneration.
There was something very wrong with that liquid.
You feel weakened.
You feel dopey.
You feel clumsy. The bat completely misses you. The bat completely misses you.
Bmj180's ghost hits you.
You see here 17 gold pieces.
Unknown command.
You hit bmj180's ghost.
Bmj180's ghost is lightly damaged.
The bat closely misses you.
Your ball python misses bmj180's ghost.
Bmj180's ghost closely misses you.
It was a potion of flight.
You feel very buoyant.
You fly up into the air.
The bat misses you.
Your ball python bites bmj180's ghost but does no damage.
Bmj180's ghost hits you.
Your ball python bites bmj180's ghost but does no damage.
Unknown command.
Casting: Sticks to Snakes
Confirm with . or Enter, or press ? or * to list all spells.
You create a snake!
You now have 7 arrows.
The bat hits your ball python. Bmj180's ghost stares at you.
Bmj180's ghost hits you.
Your ball python bites bmj180's ghost but does no damage.
Unknown command.
You bite bmj180's ghost!
Bmj180's ghost is heavily damaged.
Your ball python bites bmj180's ghost but does no damage.
Bmj180's ghost closely misses you.
Your ball python completely misses bmj180's ghost.
You hit bmj180's ghost.
Bmj180's ghost is heavily damaged.
The bat hits your ball python.
Your ball python barely misses bmj180's ghost.
Bmj180's ghost closely misses you.
Your ball python bites bmj180's ghost.
You hit bmj180's ghost.
Bmj180's ghost is heavily damaged.
Your transformation has ended.
Your +0 robe unmelds from your body.
The bat completely misses your ball python.
Your ball python closely misses bmj180's ghost.
Your ball python bites bmj180's ghost.
Bmj180's ghost hits you!
* * * LOW HITPOINT WARNING * * *
Casting: Sticks to Snakes
Confirm with . or Enter, or press ? or * to list all spells.
You don't have enough magic to cast that spell.
You swap places.
The bat barely misses your ball python.
Your ball python bites bmj180's ghost but does no damage.
Your ball python barely misses bmj180's ghost.
Bmj180's ghost hits you.
* * * LOW HITPOINT WARNING * * *
The bat barely misses your ball python.
Your ball python bites bmj180's ghost but does no damage.
Your ball python misses bmj180's ghost.
You aren't carrying any potions.
Unknown command.
Are you sure you want to abandon this character and quit the game? (Confirm with "yes".)

#......# #......#
#......# #......#
### #......# #<#
#......##
#.#########........
#........@WSS.b....
##############.....
... .


You could see bmj180's ghost, a bat and 2 friendly ball pythons.

Vanquished Creatures
  An ooze (D:2)
  A worm (D:3)
  A dart slug (D:1)
  2 leopard geckos
  3 orcs (D:2)
  2 bats (D:1)
  3 giant cockroaches (D:1)
  2 goblins (D:2)
  2 hobgoblins (D:1)
  4 jackals (D:2)
  5 kobolds
  A ball python (D:3)
  A frilled lizard (D:1)
  3 rats
31 creatures vanquished.

Notes
Turn   | Place    | Note
-------+----------+-------------------------------------------
     0 | D:1      | tidbits the Gnoll Transmuter began the quest for the Orb.
     0 | D:1      | Reached XP level 1. HP: 17/17 MP: 6/6
    57 | D:1      | Reached XP level 2. HP: 13/23 MP: 5/7
    62 | D:1      | Learned a level 2 spell: Sticks to Snakes
   281 | D:2      | Reached XP level 3. HP: 19/28 MP: 7/9
   286 | D:2      | Learned a level 3 spell: Spider Form
   311 | D:3      | Noticed a sky beast
   323 | D:2      | Learned a level 1 spell: Animate Skeleton
   325 | D:2      | Learned a level 1 spell: Apportation
   337 | D:2      | Reached skill level 5 in Spellcasting
   379 | D:2      | Reached skill level 1 in Invocations
   441 | D:3      | Noticed bmj180's ghost (amateur HaFi)
   456 | D:3      | Quit the game

Skill      XL: |  1  2  3 |
---------------+----------+-----
Spellcasting   | 5 |  5.0
Invocations    | 1 |  1.0
Fighting       | |  2.6
Short Blades   | |  0.9
Long Blades    | |  0.9
Axes           | |  0.9
Maces & Flails | |  0.9
Polearms       | |  0.9
Staves         | |  0.9
Slings         | |  0.9
Bows           | |  0.9
Crossbows      | |  0.9
Throwing       | |  0.9
Armour         | |  0.9
Dodging        | |  4.5
Stealth        | |  0.9
Shields        | |  0.9
Unarmed Combat | |  6.5
Conjurations   | |  0.6
Hexes          | |  0.6
Charms         | |  0.6
Summonings     | |  0.6
Necromancy     | |  0.6
Translocations | |  0.6
Transmutations | |  3.8
Fire Magic     | |  0.6
Ice Magic      | |  0.6
Air Magic      | |  0.6
Earth Magic    | |  0.6
Poison Magic   | |  0.6
Evocations     | |  0.9

Action                   || total
-------------------------++-------
Melee: Unarmed           ||    86
       Kick              ||     5
       Bite              ||     4
       Punch             ||     2
       Headbutt          ||     1
 Cast: Beastly Appendage ||    11
       Sticks to Snakes  ||     5
       Spider Form       ||     5
  Use: Potion            ||     2
 Stab: Sleeping          ||     1
Armor: Robe              ||     4
       Skin              ||     2
Dodge: Dodged            ||    57

Table legend:
 A = Turns spent in this place as a percentage of turns spent in the entire game.
 B = Non-inter-level travel turns spent in this place as a percentage of non-inter-level travel turns spent in the entire game.
 C = Inter-level travel turns spent in this place as a percentage of turns spent in this place.
 D = Turns resting spent in this place as a percentage of non-inter-level travel turns spent in this place.
 E = Turns spent auto-exploring this place as a percentage of non-inter-level travel turns spent in this place.
 F = Non-inter-level travel turns spent in this place divided by the number of levels of this place that you've seen.
                   A       B       C       D       E      F
               +-------+-------+-------+-------+-------+----------------------
         Total | 100.0 | 100.0 |   0.0 |   0.0 |   0.0 | 152.0
       Dungeon | 100.0 | 100.0 |   0.0 |   0.0 |   0.0 | 152.0
               +-------+-------+-------+-------+-------+----------------------

Table legend:
 A = Kills in this place as a percentage of kills in entire the game.
 B = Kills by you in this place as a percentage of kills by you in the entire game.
 C = Kills by friends in this place as a percentage of kills by friends in the entire game.
 D = Other kills in this place as a percentage of other kills in the entire game.
 E = Experience gained in this place as a percentage of experience gained in the entire game.
 F = Experience gained in this place divided by the number of levels of this place that you have seen.
                   A       B       C       D       E      F
               +-------+-------+-------+-------+-------+----------------------
         Total | 100.0 | 100.0 |   N/A |   N/A | 100.0 |  23.7
       Dungeon | 100.0 | 100.0 |   N/A |   N/A | 100.0 |  23.7
               +-------+-------+-------+-------+-------+----------------------

Vault maps used:
D:1:      dpeg_arrival_arbitrary_b, minmay_crystal_room, kennysheep_nondescript,
          minmay_misc_feat_nine_boxes
D:2:      st_stairs_6
